 Dungeon Crawl Stone Soup version 0.29.1-15-g9cfb28693d (webtiles) character file.

Game seed: 10553584408772344338

149 dudediamond6 the Sneak (level 5, 0/36 HPs)
             Began as an Octopode Brigand on Apr 2, 2023.
             Slain by an orc
             ... wielding a +0 dagger
              (1 damage)
             ... on level 4 of the Dungeon.
             The game lasted 00:03:45 (3066 turns).

dudediamond6 the Sneak (Octopode Brigand)           Turns: 3066, Time: 00:03:46

Health: 0/36       AC:  1    Str: 10    XL:     5   Next: 31%
Magic:  5/5        EV: 13    Int: 13    God:
Gold:   127        SH:  0    Dex: 16    Spells: 4/4 levels left

rFire   . . .      SeeInvis .   a - +2 dagger
rCold   . . .      Faith    .   (no shield)
rNeg    . . .      Spirit   .   (helmet restricted)
rPois   .          Reflect  .   (no amulet)
rElec   .          Harm     .   h - ring of wizardry
rCorr   .          Rampage  .   (no ring)
Will    .....                   (no ring)
Stlth   +++++.....              (no ring)
HPRegen 0.12/turn               (no ring)
MPRegen 0.09/turn               (no ring)
                                (no ring)
                                (no ring)

@: no status effects
A: almost no armour, amphibious, 8 rings, camouflage 1, gelatinous body 1,
(nimble swimmer 1), tentacles
a: no special abilities


You were on level 4 of the Dungeon.
You visited 1 branch of the dungeon, and saw 4 of its levels.

You collected 127 gold pieces.

Inventory:

Hand Weapons
 a - a +2 dagger (weapon)
Missiles
 b - 15 poisoned darts (quivered)
 c - 3 curare-tipped darts
 m - 2 boomerangs of dispersal
Jewellery
 h - a ring of wizardry (left tentacle)
Scrolls
 e - 3 scrolls of identify
 f - a scroll of fear
 g - a scroll of vulnerability
 j - a scroll of blinking
 q - 3 scrolls of torment {unknown}
 s - a scroll of amnesia {unknown}
 v - a scroll of fog {unknown}
Potions
 d - a potion of attraction {unknown}
 i - 2 potions of heal wounds {unknown}
 k - a potion of berserk rage {unknown}
 l - a potion of curing {unknown}
 n - a potion of cancellation {unknown}
 o - a potion of might {unknown}
 r - 2 potions of brilliance {unknown}
 t - 2 potions of lignification {unknown}
 u - a potion of mutation {unknown}


   Skills:
 * Level 3.0 Fighting
 * Level 3.4 Short Blades
 - Level 2.0 Throwing
 - Level 1.0 Dodging
 + Level 7.2 Stealth


You had 4 spell levels left.
You didn't know any spells.
Your spell library was empty.

Dungeon Overview and Level Annotations

Branches:
Dungeon (4/15)
 Temple: D:4-7

Altars:

Annotations:
D:4 1 runed translucent door, Gildedravn's ghost, amateur PaBe


Innate Abilities, Weirdness & Mutations

You cannot wear most types of armour.
You are amphibious.
You can wear up to eight rings at the same time.
Your skin changes colour to match your surroundings (Stealth+).
Your rubbery body absorbs attacks. (AC +1, EV +1)
((You are camouflaged when in or above water. (Stealth+)))
You have tentacles for arms and can constrict up to eight enemies at once.


Message History

There is a stone staircase leading down here.
Found a runed translucent door.
You see here a scroll labelled BYAZEA VELOK.
Found 9 stones.
The orc attacks as you move away! The orc hits you with a +0 dagger.
You open the door. The orc closely misses you.
You hit the worm. Your grab misses the worm.
The worm is moderately wounded.
The orc closely misses you.
You hit the worm. You grab the worm.
The worm is moderately wounded.
You constrict the worm. The worm closely misses you.
You hit the worm but do no damage.
The worm is moderately wounded.
You constrict the worm. The orc hits you with a +0 dagger.
The water moccasin misses you.
You hit the worm but do no damage.
The worm is moderately wounded.
You constrict the worm. The water moccasin bites you!
The worm closely misses you. The orc closely misses you.
You hit the worm.
The worm is heavily wounded.
You constrict the worm.
The water moccasin bites you but does no damage.
You completely miss the worm. You squeeze the worm.
The worm is severely wounded.
You constrict the worm.
The water moccasin bites you but does no damage.
The orc barely misses you. The worm bites you!
You hit the worm but do no damage.
The worm is severely wounded.
You constrict the worm. The water moccasin bites you.
* * * LOW HITPOINT WARNING * * *
The orc misses you.
You hit the worm.
You kill the worm!
The water moccasin bites you.
* * * LOW HITPOINT WARNING * * *
The orc hits you with a +0 dagger.
You die...

#.#*#...#.# ###.o..#
#>#,......# #...o.
#o#......!# #.###.
#.#.......# #.# #.
#S###...#.# #.###o
#o# *,,,*,* #...K.
#.#########***#.#...
#o#o#~~~~~~~~~#...).
#oS@r~r~~(~~~~+.....
###.#~W~~~~~~~#...$.
#############.....
**,****,,,......
*,,,,,,,,##...#.
*,,****,,*#...,.
*,,* *,,***,,,, *,,*
*,,,,,,,,, *,,*
*,******,*


You could see a water moccasin, Gildedravn's ghost, a river rat, 3 orcs and a
rat (asleep).

Vanquished Creatures
  An orc priest (D:4)
  An iguana (D:3)
  4 adders
  2 worms
  3 orcs (D:3)
  5 ball pythons
  6 endoplasms
  3 giant cockroaches
  2 goblins
  6 hobgoblins
  A quokka (D:1)
  9 bats
  2 frilled lizards
  5 kobolds
  A rat (D:2)
51 creatures vanquished.

Notes
Turn   | Place    | Note
-------+----------+-------------------------------------------
     0 | D:1      | dudediamond6 the Octopode Brigand began the quest for the
                  | Orb.
     0 | D:1      | Reached XP level 1. HP: 14/14 MP: 1/1
   127 | D:1      | Reached XP level 2. HP: 19/19 MP: 2/2
   158 | D:1      | Reached skill level 6 in Stealth
   877 | D:2      | Reached XP level 3. HP: 24/24 MP: 3/3
  1906 | D:2      | Reached XP level 4. HP: 30/30 MP: 4/4
  2450 | D:3      | Reached skill level 7 in Stealth
  2688 | D:3      | Reached XP level 5. HP: 36/36 MP: 5/5
  3011 | D:4      | Found a runed translucent door.
  3020 | D:4      | Noticed a water moccasin
  3054 | D:4      | Found a runed translucent door.
  3056 | D:4      | Noticed Gildedravn's ghost (amateur PaBe)
  3066 | D:4      | HP: 1/36 [water moccasin (6)]
  3066 | D:4      | Slain by an orc

Illustrated notes

Levels and vault maps discovered:
D:1:      dpeg_arrival_pits, layout_rooms
D:2:      layout_basic, minmay_tetromino_t4
D:3:      layout_basic, skrybe_limestone_x, grunt_ministairs_14
D:4:      layout_loops_ring, lightli_sewer_entry_pipes, enter_ossuary_3,
          ebering_ghost_sewer_f, minmay_misc_feat_x, uniq_menkaure

Skill      XL: |  1  2  3  4  5 |
---------------+----------------+-----
Stealth        | 6 7 |  7.2
Short Blades   | 3 |  3.4
Fighting       | 3 |  3.0
Throwing       | |  2.0
Dodging        | |  1.0

Action                   |  1- 3 |  4- 6 || total
-------------------------+-------+-------++-------
Melee: Dagger            |    67 |    39 ||   106
       Constrict         |    13 |     8 ||    21
       Tentacles         |    15 |     7 ||    22
       Punch             |     4 |       ||     4
  Use: Scroll            |       |     5 ||     5
 Stab: Sleeping          |     9 |     5 ||    14
Armor: Skin              |     8 |     4 ||    12
Dodge: Dodged            |    44 |    25 ||    69
